 Dungeon Crawl Stone Soup version 0.29-a0-723-gce39da1c22 (webtiles) character file.

Game seed: 2268593783933586396

20881 hquester1 the Nimble (level 12, 0/110 HPs)
             Began as a Minotaur Fighter on June 28, 2022.
             Was the Champion of Okawaru.
             Slain by a cane toad simulacrum (17 damage)
             ... in an ice cave.
             The game lasted 00:54:55 (13152 turns).

hquester1 the Nimble (Minotaur Fighter)            Turns: 13152, Time: 00:54:56

Health: 0/110      AC: 23    Str: 22    XL:     12   Next: 49%
Magic:  14/14      EV: 14    Int:  5    God:    Okawaru [******]
Gold:   998        SH:  5    Dex: 20    Spells: 11/11 levels left

rFire   + + +      SeeInvis +   H - +4 flail (protect)
rCold   . . .      Faith    .   (no shield)
rNeg    . . .      Spirit   .   L - +0 plate armour
rPois   .          Reflect  +   b - +2 hat
rElec   .          Harm     .   (no cloak)
rCorr   +          Rampage  .   f - +1 pair of gloves of the Guild-Master {rF+++ rCorr Str-5}
Will    +....                   (no boots)
Stlth   ..........              e - amulet of reflection
HPRegen 0.28/turn               i - ring "Laokaen" {Will+ Str+4 Dex+7 SInv}
MPRegen 0.14/turn               M - +4 ring of protection

@: studying 3 skills
A: horns 2, retaliatory headbutt
a: Renounce Religion, Heroism, Finesse, Duel


You were in an ice cave.
You worshipped Okawaru.
Okawaru was exalted by your worship.
You visited 3 branches of the dungeon, and saw 15 of its levels.
You also visited: Sewer, Ossuary, Bailey and Ice Cave.

You collected 998 gold pieces.

Inventory:

Hand Weapons
 c - a +0 broad axe
 m - a +1 morningstar of protection
 H - a +4 flail of protection (weapon)
 P - a +3 vampiric hand axe
Armour
 a - a +1 kite shield
 b - a +2 hat (worn)
 f - the +1 pair of gloves of the Guild-Master (worn) {rF+++ rCorr Str-5}
   (You acquired it on level 7 of the Dungeon)

   Str:       It affects your strength (-5).
   rF:        It renders you almost immune to fire.
   rCorr:     It protects you from acid and corrosion.
 L - a +0 plate armour (worn)
 Q - the +3 kite shield of the Blue Skies {rElec rPois rC-}
   (Okawaru gifted it to you on level 10 of the Dungeon)

   rC:        It makes you vulnerable to cold.
   rElec:     It insulates you from electricity.
   rPois:     It protects you from poison.
Jewellery
 e - an amulet of reflection (around neck)
 i - the ring "Laokaen" (left hand) {Will+ Str+4 Dex+7 SInv}
   (You acquired it on level 1 of the Dungeon)

   [ring of see invisible]

   Str:       It affects your strength (+4).
   Dex:       It affects your dexterity (+7).
   SInv:      It lets you see invisible.
   Will:      It increases your willpower.
 M - a +4 ring of protection (right hand)
 O - a ring of flight
Wands
 o - a wand of polymorph (7)
 t - a wand of digging (7)
 w - a wand of light (2)
 z - a wand of iceblast (11)
 C - a wand of mindburst (5)
 D - a wand of flame (30)
Scrolls
 k - 5 scrolls of teleportation
 q - a scroll of immolation
 u - 6 scrolls of enchant armour
 x - a scroll of torment {unknown}
 y - 3 scrolls of blinking
 E - a scroll of poison
Potions
 d - 5 potions of might
 g - 4 potions of heal wounds
 h - a potion of ambrosia {unknown}
 j - 7 potions of lignification
 n - 4 potions of mutation
 r - 3 potions of curing
 s - 5 potions of resistance
 v - 5 potions of haste
 A - 3 potions of flight {unknown}
 B - 2 potions of berserk rage {unknown}
 F - 3 potions of cancellation
 I - 2 potions of brilliance {unknown}
 J - 3 potions of invisibility {unknown}
 K - a potion of magic {unknown}
 N - 4 potions of attraction {unknown}
Miscellaneous
 l - a tin of tremorstones (1/2)
 p - a condenser vane


   Skills:
 + Level 11.1 Fighting
 + Level 7.6 Short Blades
 + Level 13.0 Maces & Flails
 + Level 11.2 Armour
 + Level 13.2 Dodging
 + Level 11.1 Shields
 + Level 4.0 Invocations
 + Level 3.6 Evocations


You had 11 spell levels left.
You didn't know any spells.
Your spell library contained the following spells:

 Spells                   Type           Power      Damage    Failure   Level
 Apportation              Tloc           0%         N/A       100%        1
 Necrotize                Necr           0%         1d4       100%        1
 Scorch                   Fire           0%         2d5       100%        2
 Confusing Touch          Hex            0%         N/A       100%        3
 Dazzling Flash           Conj/Hex       0%         N/A       100%        3
 Inner Flame              Hex/Fire       0%         N/A       100%        3
 Cause Fear               Hex            0%         N/A       100%        4
 Flame Wave               Conj/Fire      0%         2d4       100%        4
 Agony                    Necr           0%         N/A       100%        5
 Silence                  Hex/Air        0%         N/A       100%        5
 Yara's Violent Unravell  Hex/Tmut       0%         3d3       100%        5
 Enfeeble                 Hex            0%         N/A       100%        7
 Discord                  Hex            0%         N/A       100%        8
 Summon Small Mammal      Summ           Unusable   N/A       N/A         1
 Summon Cactus Giant      Summ           Unusable   N/A       N/A         6

Dungeon Overview and Level Annotations

Branches:
Dungeon (12/15)            Temple (1/1) D:4            Lair (2/6) D:9
    Orc (0/2) D:10          Sewer (visited)         Ossuary (visited)
 Bailey (visited)           IceCv (1/1)
  Swamp: Lair:2-4    Shoals: Lair:2-4     Snake: Lair:2-4    Spider: Lair:2-4

Altars:
Ashenzari
Cheibriados
Dithmenos
Elyvilon
Fedhas
Gozag
Hepliaklqana
Kikubaaqudgha
Makhleb
Nemelex Xobeh
Okawaru
Qazlal
Ru
Sif Muna
Trog
Uskayaw
Vehumet
Wu Jian
Xom
Yredelemnul
Zin
The Shining One

Shops:
D:5 (

Annotations:
D:12 1 runed translucent door


Innate Abilities, Weirdness & Mutations

You have a pair of horns on your head.
You reflexively headbutt those who attack you in melee.


Message History

There is an ice choked empty arch of ancient stone here.
You start removing your armour.
You continue taking off the +3 kite shield of the Blue Skies {rElec rPois rC-}. x3
You block the cane toad simulacrum's attack.
You continue taking off the +3 kite shield of the Blue Skies {rElec rPois rC-}.
You block the death yak simulacrum's attack.
The cane toad simulacrum closely misses you.
You furiously retaliate!
You headbutt the cane toad simulacrum, but do no damage.
You finish taking off the +3 kite shield of the Blue Skies {rElec rPois rC-}.
Unknown command.
Okay, then.
The cane toad simulacrum hits you but does no damage.
Keep equipping yourself?
The cane toad simulacrum barely misses you.
You furiously retaliate!
You headbutt the cane toad simulacrum!
You start putting on your armour.
You continue putting on your +1 kite shield.
The death yak simulacrum gores you! The death yak simulacrum freezes you!!
The cane toad simulacrum hits you but does no damage.
The cane toad simulacrum hits you. The cane toad simulacrum freezes you!
You continue putting on your +1 kite shield.
The death yak simulacrum gores you but does no damage.
The cane toad simulacrum barely misses you.
The cane toad simulacrum hits you but does no damage.
You continue putting on your +1 kite shield.
The death yak simulacrum gores you but does no damage.
The cane toad simulacrum hits you but does no damage.
You block the cane toad simulacrum's attack.
You continue putting on your +1 kite shield.
The death yak simulacrum gores you! The death yak simulacrum freezes you!!
* * * LOW HITPOINT WARNING * * *
The cane toad simulacrum barely misses you.
You furiously retaliate!
You headbutt the cane toad simulacrum!
The cane toad simulacrum vaporises!
Okawaru accepts your kill. The cane toad simulacrum hits you.
* * * LOW HITPOINT WARNING * * *
The cane toad simulacrum freezes you!
You die...

#####
##...##
##..∩..##
#.......#
#...@...#
##.☼ZZ.##
##.Z.##
#...#
...##
#...#
##...
##..


You could see a death yak simulacrum, an elephant simulacrum and a cane toad
simulacrum.

Vanquished Creatures
  2 hydras
  Erolcha (D:12)
  A boulder beetle (D:12)
  A centaur warrior (D:10)
  Pikel (D:7)
  A manticore (D:12)
  2 cyclopes (D:12)
  Joseph (D:8)
  2 black mambas (Lair:2)
  2 gargoyles
  Maggie (D:7)
  A cane toad (Lair:2)
  An unseen horror (D:10)
  3 komodo dragons
  Psyche (D:11)
  Grinder (D:4)
  A polar bear (Lair:1)
  2 hornets
  2 trolls
  Prince Ribbit (D:7)
  2 shadows (D:10)
  A wyvern (D:7)
  19 yaks
  8 vampire mosquitoes
  2 acid dragons
  8 water moccasins
  A black bear (D:9)
  2 ice beasts
  2 sky beasts
  5 orc warriors
  2 ogres
  5 wolves (Lair:2)
  8 centaurs
  A phantom (D:4)
  5 kobold brigands
  2 elf zombies (Ossuary)
  A gnoll sergeant (D:5)
  3 scorpions
  9 bullfrogs
  A necrophage (D:6)
  A cane toad simulacrum (IceCv)
  4 wights (D:8)
  18 killer bees
  9 howler monkeys
  A jelly (D:6)
  2 centaur zombies (Ossuary)
  5 hounds
  A human zombie (Ossuary)
  12 orc priests
  Ijyb (D:5)
  3 iguanas (D:5)
  Terence (D:2)
  8 orc wizards
  2 hound zombies (Ossuary)
  3 mummies (Ossuary)
  13 gnolls
  11 adders
  5 river rats (Sewer)
  A white imp (D:7)
  3 adder zombies (Ossuary)
  3 worms
  3 dart slugs
  70 orcs
  5 endoplasms
  11 giant cockroaches
  10 goblins
  A hobgoblin (D:2)
  4 jackals (D:4)
  23 kobolds
  5 quokkas
  14 ball pythons
  8 bats
  8 frilled lizards
  7 goblin zombies (Ossuary)
  A hobgoblin zombie (Ossuary)
  4 jackal zombies (Ossuary)
  3 kobold zombies (Ossuary)
  2 orc zombies (Ossuary)
  5 quokka zombies (Ossuary)
  28 rats
  2 rat zombies (Ossuary)
436 creatures vanquished.

Vanquished Creatures (others)
  23 fungi
  26 plants
49 creatures vanquished.

Grand Total: 485 creatures vanquished

Notes
Turn   | Place    | Note
-------+----------+-------------------------------------------
     0 | D:1      | hquester1 the Minotaur Fighter began the quest for the Orb.
     0 | D:1      | Reached XP level 1. HP: 19/19 MP: 0/0
   125 | D:1      | Reached XP level 2. HP: 20/27 MP: 1/1
   355 | D:1      | Reached skill level 1 in Dodging
   560 | D:2      | Found a faded altar of an unknown god.
   597 | D:2      | Found a shadowy altar of Dithmenos.
   602 | D:2      | Reached XP level 3. HP: 33/33 MP: 2/2
  1162 | D:2      | Noticed Terence
  1238 | D:1      | Identified 2 scrolls of acquirement
  1239 | D:1      | Acquired the ring "Laokaen" {Will+ Str+4 Dex+7 SInv}
  1242 | D:1      | Acquired a manual of Dodging
  1403 | D:2      | Killed Terence
  1404 | D:2      | Reached XP level 4. HP: 31/40 MP: 3/3
  1802 | D:3      | Found a hide-covered altar of Uskayaw.
  1894 | D:3      | Found a shimmering altar of Xom.
  2087 | D:4      | Reached XP level 5. HP: 47/47 MP: 4/4
  2099 | D:4      | Found a blossoming altar of Fedhas.
  2122 | D:4      | Noticed a phantom
  2123 | D:4      | Noticed Grinder
  2126 | D:4      | Killed a phantom
  2129 | D:4      | Paralysed by Grinder for 2 turns
  2151 | D:4      | Killed Grinder
  2152 | D:4      | Reached skill level 5 in Fighting
  2152 | D:4      | Reached skill level 5 in Armour
  2152 | D:4      | Reached skill level 5 in Shields
  2152 | D:4      | Reached XP level 6. HP: 19/56 MP: 5/5
  2176 | D:4      | Found a sand-covered staircase.
  2187 | D:4      | Reached XP level 7. HP: 16/61 MP: 6/6
  2196 | Ossuary  | Entered an ossuary
  2245 | Ossuary  | Reached skill level 5 in Dodging
  2271 | Ossuary  | Reached skill level 5 in Maces & Flails
  2705 | D:4      | Found a glowing drain.
  2729 | Sewer    | Entered a sewer
  2965 | Sewer    | Reached XP level 8. HP: 70/70 MP: 7/7
  3261 | D:4      | Found a staircase to the Ecumenical Temple.
  3272 | Temple   | Entered the Ecumenical Temple
  3312 | Temple   | Became a worshipper of Warmaster Okawaru
  3592 | D:4      | Found an opulent altar of Gozag.
  3636 | D:4      | Found a shimmering blue altar of Sif Muna.
  3640 | D:4      | Identified the +3 whip "Arbiter" {speed, Dex+3}
  3818 | D:5      | Entered Level 5 of the Dungeon
  3961 | D:5      | Noticed Ijyb
  3983 | D:5      | Killed Ijyb
  4009 | D:5      | Found a white marble altar of Elyvilon.
  4022 | D:5      | Found an ancient bone altar of Kikubaaqudgha.
  4275 | D:5      | Found Sutogece's Antique Weapon Emporium.
  4767 | D:6      | Reached * piety under Okawaru
  5739 | D:7      | Noticed Maggie
  5748 | D:7      | Killed Maggie
  5749 | D:7      | Reached XP level 9. HP: 72/79 MP: 8/8
  5787 | D:7      | Reached ** piety under Okawaru
  5987 | D:7      | Found a flagged portal.
  5995 | D:7      | Identified the +9 spear "Anlottot" {speed, rC+}
  6031 | Bailey   | Entered a bailey
  6417 | D:7      | Noticed Prince Ribbit
  6425 | D:7      | Killed Prince Ribbit
  6471 | D:7      | Acquired the +1 pair of gloves of the Guild-Master {rF+++
                  | rCorr Str-5}
  6604 | D:7      | Reached *** piety under Okawaru
  6943 | D:7      | Noticed Pikel
  6977 | D:7      | Killed Pikel
  6978 | D:7      | Reached XP level 10. HP: 90/90 MP: 9/9
  7096 | D:7      | Found a burning altar of Makhleb.
  7331 | D:8      | Noticed Joseph
  7345 | D:8      | Killed Joseph
  7345 | D:8      | Reached **** piety under Okawaru
  7346 | D:8      | Reached skill level 10 in Dodging
  8445 | D:9      | Reached skill level 10 in Maces & Flails
  8508 | D:9      | Found a staircase to the Lair.
  8520 | D:9      | Reached ***** piety under Okawaru
  8521 | D:9      | Reached skill level 1 in Short Blades
  8952 | D:10     | Entered Level 10 of the Dungeon
  8983 | D:10     | Noticed a centaur warrior
  8987 | D:10     | Killed a centaur warrior
  8988 | D:10     | Reached skill level 10 in Armour
  8988 | D:10     | Reached XP level 11. HP: 99/99 MP: 10/10
  9094 | D:10     | Reached skill level 10 in Fighting
  9207 | D:10     | Identified the +3 kite shield of the Blue Skies {rElec
                  | rPois rC-} (Okawaru gifted it to you on level 10 of the
                  | Dungeon)
  9207 | D:10     | Received a gift from Okawaru
  9220 | D:10     | Reached skill level 10 in Shields
  9717 | D:10     | Found a staircase to the Orcish Mines.
  9802 | D:10     | Reached skill level 1 in Invocations
  9811 | D:10     | Reached skill level 1 in Evocations
 10269 | D:11     | Noticed Psyche
 10277 | D:11     | Killed Psyche
 10407 | D:11     | Reached skill level 5 in Short Blades
 10794 | D:12     | Found a runed translucent door.
 10841 | D:12     | Noticed a boulder beetle
 10877 | D:12     | Killed a boulder beetle
 11143 | D:12     | Noticed an eight-headed hydra
 11148 | D:12     | Killed an eight-headed hydra
 11182 | D:12     | Noticed Erolcha
 11192 | D:12     | Killed Erolcha
 11422 | D:12     | Reached ****** piety under Okawaru
 11428 | D:12     | Received a gift from Okawaru
 11554 | D:12     | Reached XP level 12. HP: 95/108 MP: 13/13
 11918 | D:12     | Noticed an eight-headed hydra
 12017 | Lair:1   | Entered Level 1 of the Lair of Beasts
 12153 | Lair:1   | Noticed a four-headed hydra
 12167 | Lair:1   | Killed a four-headed hydra
 12860 | Lair:2   | Identified the +6 trident of the Silent Majority {spect,
                  | Str+2 Int+3}
 13133 | Lair:2   | Found a frozen archway.
 13142 | IceCv    | Entered an ice cave
 13152 | IceCv    | Slain by a cane toad simulacrum

Illustrated notes

Levels and vault maps discovered:
D:1:      tarquinn_simple_flora_water_f, layout_rooms
D:2:      layout_loops_ring, shapermc_ecumenical_altar_mp_highgroup,
          basic_altar, uniq_terence
D:3:      layout_rooms, mainiacjoe_overflow_cross_hatched, lemuel_doored_altar
D:4:      layout_basic, kennysheep_little_box,
          nicolae_gozag_cash_rules_everything_around_me,
          mainiacjoe_overflow_small_starburst, minmay_temple_entry_proselytizer,
          enter_ossuary_1, portal_sewer_entry_f, item_on_display_a, uniq_grinder
D:5:      layout_loops_cross, jmf_multi_god_temple, serial_shops,
          nicolae_shop_advertising_works [nicolae_subvault_shop_adworks],
          minmay_misc_feat_five, grunt_decor_clamped, uniq_ijyb
D:6:      layout_loops_corners
D:7:      layout_loops_ring, lightli_temple_of_fire, enter_bailey_2,
          minmay_manual_mail, uniq_prince_ribbit1, uniq_maggie, uniq_pikel
D:8:      layout_loops_cross, uniq_joseph
D:9:      layout_gridville, due_lair_maze_entry_diamond
D:10:     layout_roguey [special_room_orc], orc_0_dummy,
          kennysheep_opposing_triangles
D:11:     layout_cave_pods, uniq_psyche
D:12:     layout_stronghold, kennysheep_pointless_box, lightli_airlock,
          uniq_erolcha
Temple:   compressed_dpeg_circular_temple
Lair:1:   layout_loops_ring
Lair:2:   layout_chaotic_city, ebering_ghost_inner_flame,
          portal_ice_cave_entry_pillars_1, grunt_megastairs_3,
          serial_bayou_shore_b
IceCv:    ice_cave_small_necro

Skill      XL: |  1  2  3  4  5  6  7  8  9 10 11 12 |
---------------+-------------------------------------+-----
Dodging        | 1 2 4 5 8 9 11 12 13 | 13.2
Armour         | 4 5 6 7 8 10 11 | 11.2
Shields        | 4 5 6 7 8 9 10 11 | 11.1
Fighting       | 4 5 6 7 8 9 10 11 | 11.1
Maces & Flails | 3 4 5 6 8 10 12 13 | 13.0
Short Blades   | 3 6 7 |  7.6
Invocations    | 2 4 |  4.0
Evocations     | 2 3 |  3.6

Action                   |  1- 3 |  4- 6 |  7- 9 | 10-12 || total
-------------------------+-------+-------+-------+-------++-------
Melee: Flail             |   108 |    15 |       |   467 ||   590
       Headbutt          |    11 |    18 |    99 |   136 ||   264
       Unarmed           |     9 |       |       |       ||     9
       Whip              |       |    55 |   500 |   130 ||   685
Evoke: Tin of tremorston |       |       |       |     2 ||     2
  Use: Scroll            |     6 |     8 |     5 |     9 ||    28
       Potion            |       |       |     1 |     2 ||     3
Armor: Scale mail        |    33 |    13 |    44 |       ||    90
       Chain mail        |       |       |    20 |    53 ||    73
       Acid dragon scale |       |       |     3 |       ||     3
       Plate armour      |       |       |       |   106 ||   106
Dodge: Dodged            |    55 |    14 |   166 |   145 ||   380
Block: Buckler           |    57 |    33 |   134 |       ||   224
       Other             |     3 |       |       |     1 ||     4
       Reflection        |       |     1 |     5 |    30 ||    36
       Kite shield       |       |       |   152 |   537 ||   689

Table legend: (Time is in decaauts)
 A = Elapsed time spent in this place.
 B = Non-inter-level travel time spent in this place.
 C = Inter-level travel time spent in this place.
 D = Time resting spent in this place.
 E = Time spent auto-exploring this place.
 F = Levels seen in this place.
 G = Mean time per level.
                   A        B        C        D        E       F      G
               +--------+--------+--------+--------+--------+-----+--------+
         Total |  13115 |  12611 |    504 |    404 |   8448 |  19 |  690.3 |
       Dungeon |  10711 |  10261 |    450 |    256 |   7343 |  12 |  892.6 |
        Temple |    140 |    102 |     38 |      0 |     86 |   1 |  140.0 |
          Lair |   1109 |   1094 |     15 |      0 |    798 |   2 |  554.5 |
         Sewer |    307 |    307 |      0 |      0 |     15 |   1 |  307.0 |
       Ossuary |    461 |    461 |      0 |      0 |    206 |   1 |  461.0 |
        Bailey |    375 |    375 |      0 |    148 |      0 |   1 |  375.0 |
      Ice Cave |      9 |      9 |      0 |      0 |      0 |   1 |    9.0 |
               +--------+--------+--------+--------+--------+-----+--------+

Top non-repeatable levels by time:
    D:12: 1206 daAuts
     D:7: 1182 daAuts
     D:6: 1027 daAuts
    D:10: 941 daAuts
     D:5: 888 daAuts
    D:11: 879 daAuts
     D:2: 858 daAuts
     D:4: 849 daAuts
  Lair:1: 834 daAuts
     D:9: 819 daAuts
     D:8: 807 daAuts
     D:1: 748 daAuts
     D:3: 501 daAuts
 Ossuary: 461 daAuts
  Bailey: 375 daAuts
